 Dungeon Crawl Stone Soup version 0.26-a0-478-g6c97825307 (webtiles) character file.

Game seed: 14204757732045783003

3145 Infinimo the Grappler (level 9, 0/64 HPs)
             Began as a Demonspawn Transmuter on Aug 1, 2020.
             Was an Initiate of Gozag.
             Succumbed to Erica's bolt of poison
             ... on level 8 of the Dungeon.
             The game lasted 00:10:28 (8832 turns).

Infinimo the Grappler (Demonspawn Transmuter)       Turns: 8832, Time: 00:10:29

Health: 0/64       AC:  9    Str: 14    XL:     9   Next: 62%
Magic:  10/10      EV: 13    Int: 15    God:    Gozag
Gold:   767        SH:  0    Dex: 13    Spells: 6/12 levels left

rFire    . . .     SeeInvis .     - Unarmed
rCold    . . .     Faith    .   (no shield)
rNeg     . . .     Spirit   .   j - +3 ring mail {MR+}
rPois    .         Reflect  .   k - +0 helmet
rElec    .         Harm     .   (no cloak)
rCorr    .                      (gloves unavailable)
MR       ++...                  (no boots)
Stlth    +.........             d - amulet of the acrobat
HPRegen  0.20/turn              o - ring of flight
MPRegen  0.12/turn              (no ring)

@: mighty, lethally poisoned (0 -> -7), hasted, very quick
A: claws 3, repulsion field 1, demonic guardian 1, low mp 1, magic resistance 1,
powered by pain 1
a: Potion Petition, Call Merchant, Bribe Branch, Renounce Religion, Evoke Flight


You were on level 8 of the Dungeon.
You worshipped Gozag.
Gozag was pleased with you.
You visited 2 branches of the dungeon, and saw 9 of its levels.
You also visited: Ossuary.

You collected 968 gold pieces.
You spent 105 gold pieces at shops.
You paid 96 gold pieces to Gozag.

Inventory:

Armour
 j - a +3 ring mail of magic resistance (worn)
 k - a +0 helmet (worn)
Jewellery
 d - an amulet of the acrobat (around neck)
 o - a ring of flight (left claw)
Scrolls
 a - 5 scrolls of enchant weapon
 b - 2 scrolls of magic mapping
 g - 3 scrolls of teleportation
 h - 6 scrolls of remove curse
 n - 2 scrolls of identify
 r - a scroll of amnesia
Potions
 e - a potion of mutation
 i - 4 potions of flight
 l - a potion of magic
 q - a potion of stabbing


   Skills:
 + Level 3.5 Fighting
 - Level 1.7 Dodging
 * Level 9.0 Unarmed Combat
 - Level 2.0 Spellcasting
 * Level 8.7 Transmutations


You had 6 spell levels left.
You knew the following spells:

 Your Spells              Type           Power        Failure   Level
a - Beastly Appendage     Tmut           ####..       1%          1
b - Wereblood             Tmut           ####....     1%          2
c - Spider Form           Tmut/Pois      ##........   22%         3

Your spell library contained the following spells:

 Spells                   Type           Power        Failure   Level
 Blade Hands              Tmut           ####......   34%         5
 Ice Form                 Ice/Tmut       ##......     58%         4


Dungeon Overview and Level Annotations

Branches:
Dungeon (8/15)             Temple (1/1) D:4         Ossuary (visited)
   Lair: D:8-11

Altars:
Ashenzari
Cheibriados
Elyvilon
Fedhas
Gozag
Hepliaklqana
Kikubaaqudgha
Makhleb
Nemelex Xobeh
Okawaru
Qazlal
Ru
Sif Muna
Trog
Uskayaw
Vehumet
Wu Jian
Xom
Yredelemnul
The Shining One

Shops:
D:4 ?

Annotations:
D:4 2 transporters
D:8 Erica


Innate Abilities, Weirdness & Mutations

You have claws for hands.
You are surrounded by a mild repulsion field. (EV +2)
A weak demonic guardian rushes to your aid.
You sometimes gain a little power by taking damage.
Your magical capacity is low. (-10% MP)
You are resistant to hostile enchantments. (MR+)


Message History

* * * LOW HITPOINT WARNING * * *
You feel sick.
The hippogriff bites something.
The hippogriff barely misses something.
The hippogriff claws something.
Your magical effects are unravelling.
You feel magically purged.
Your magical contamination has completely faded away.
Your horns disappear.
Your talons disappear.
Your +0 helmet unmelds from your body.
* * * LOW HITPOINT WARNING * * *
You feel sick.
Your ufetubus hits the hippogriff. x2
The hippogriff pecks your ufetubus.
Your ufetubus dies!
The hippogriff screeches!
Okay, then.
Okay, then.
Your magic is already full.
You feel very mighty all of a sudden.
You feel yourself speed up.
You die...
Your body crumbles into a pile of gold.

#######............
##...<.............##
#....5.....#....#..≈≈
##.....H..###..##..#
##........#.#.....##≈#≈≈#≈
###...............#≈≈ ≈≈
#.....#..$.......#≈# ≈# #
#..#..##.#.........##≈#..
########@#...............
##..............#..#
#....##.##.##...#.#
#.......#.....$...##
#........##...#.....
###.##.......###5...
#..........## ....
#...........# ....
#...8.8.....# ....


You could see a hippogriff.

Vanquished Creatures
  Pikel (D:7)
  Prince Ribbit (D:7)
  A wraith (Ossuary)
  A wyvern (D:8)
  An ice beast (D:6)
  An orc warrior (D:7)
  2 phantoms
  A black bear (D:7)
  2 ogres (D:6)
  A centaur (D:7)
  A bullfrog (D:8)
  A scorpion (D:7)
  A water moccasin skeleton (D:8)
  4 wights (Ossuary)
  3 howler monkeys
  2 bullfrog zombies
  2 centaur zombies
  3 hounds
  2 orc wizards
  Crazy Yiuf (D:5)
  4 orc priests
  A gnoll shaman (D:6)
  A jelly (D:5)
  Jessica (D:3)
  7 worker ants
  A hound skeleton (D:8)
  9 gnolls (D:6)
  6 adders
  2 white imps (D:5)
  An ooze (D:2)
  2 adder skeletons
  An adder zombie (Ossuary)
  5 worms
  A dart slug (D:2)
  4 leopard geckos
  9 orcs
  9 bats
  6 giant cockroaches
  4 goblins
  8 hobgoblins
  11 jackals
  6 quokkas
  4 ball pythons
  A ball python skeleton (Ossuary)
  2 frilled lizards
  A hobgoblin zombie (Ossuary)
  7 kobolds
  2 leopard gecko zombies
  An orc skeleton (Ossuary)
  An orc zombie (Ossuary)
  12 rats
162 creatures vanquished.

Vanquished Creatures (collateral kills)
  A wraith (Ossuary)
  An ogre (D:4)
  A hound (D:5)
  An orc wizard (D:7)
  An adder (D:4)
  3 orcs
8 creatures vanquished.

Grand Total: 170 creatures vanquished

Notes
Turn   | Place    | Note
-------+----------+-------------------------------------------
     0 | D:1      | Infinimo the Demonspawn Transmuter began the quest for the
                  | Orb.
     0 | D:1      | Reached XP level 1. HP: 15/15 MP: 3/3
   152 | D:1      | Reached skill level 3 in Unarmed Combat
   152 | D:1      | Gained mutation: You have sharp fingernails. [demonic
                  | ancestry]
   152 | D:1      | Reached XP level 2. HP: 16/21 MP: 3/5
   490 | D:1      | Learned a level 2 spell: Wereblood
  1408 | D:2      | Reached XP level 3. HP: 26/26 MP: 6/6
  1841 | D:2      | Reached XP level 4. HP: 17/32 MP: 3/7
  2890 | D:3      | Reached skill level 4 in Unarmed Combat
  2959 | D:3      | Noticed Jessica
  2968 | D:3      | Killed Jessica
  3027 | D:3      | Gained mutation: A weak demonic guardian rushes to your
                  | aid. [demonic ancestry]
  3027 | D:3      | Reached XP level 5. HP: 28/37 MP: 6/8
  3096 | D:3      | Found a shattered altar of Ashenzari.
  3097 | D:3      | Found a white marble altar of Elyvilon.
  3863 | D:4      | Found Ozalizot's Magic Scroll Shop.
  3952 | D:4      | Bought a scroll of blinking for 75 gold pieces
  3952 | D:4      | Bought a scroll of teleportation for 30 gold pieces
  4028 | D:4      | Gained mutation: You sometimes gain a little power by
                  | taking damage. [demonic ancestry]
  4028 | D:4      | Reached XP level 6. HP: 41/43 MP: 4/9
  4086 | D:4      | Reached skill level 5 in Unarmed Combat
  4174 | D:4      | Found a sparkling altar of Nemelex Xobeh.
  4175 | D:4      | Found a radiant altar of Vehumet.
  4214 | D:4      | Found a transporter.
  4214 | D:4      | Found a sacrificial altar of Ru.
  4214 | D:4      | Noticed a shadow
  4355 | D:4      | Found a transporter.
  4651 | D:4      | Found a staircase to the Ecumenical Temple.
  4669 | Temple   | Entered the Ecumenical Temple
  4714 | Temple   | Became a worshipper of Gozag Ym Sagoz the Greedy
  4935 | D:5      | Entered Level 5 of the Dungeon
  4972 | D:5      | Reached skill level 5 in Transmutations
  4972 | D:5      | Gained mutation: You have very sharp fingernails. [demonic
                  | ancestry]
  4972 | D:5      | Reached XP level 7. HP: 43/48 MP: 7/10
  5079 | D:5      | Learned a level 3 spell: Spider Form
  5159 | D:5      | Found a sand-covered staircase.
  5201 | Ossuary  | Entered an ossuary
  5859 | Ossuary  | Noticed a flying skull
  5859 | Ossuary  | Noticed a wraith
  5868 | Ossuary  | Noticed a flying skull
  5870 | Ossuary  | Noticed a flying skull
  5894 | Ossuary  | Noticed a flying skull
  5901 | Ossuary  | Noticed a wraith
  5911 | Ossuary  | Killed a wraith
  5911 | Ossuary  | Reached skill level 6 in Unarmed Combat
  6024 | Ossuary  | Noticed a wraith
  6027 | Ossuary  | Gained mutation: You are resistant to hostile enchantments.
                  | (MR+) [potion of mutation]
  6027 | Ossuary  | Gained mutation: Your magical capacity is low. (-10% MP)
                  | [potion of mutation]
  6027 | Ossuary  | Gained mutation: You have claws for hands. [potion of
                  | mutation]
  6043 | Ossuary  | Killed a wraith
  6318 | Ossuary  | Gained mutation: You are surrounded by a mild repulsion
                  | field. (EV +2) [demonic ancestry]
  6318 | Ossuary  | Reached XP level 8. HP: 51/54 MP: 6/9
  6796 | D:5      | Found a runed translucent door.
  6797 | D:5      | Noticed Crazy Yiuf
  6804 | D:5      | Killed Crazy Yiuf
  6908 | D:6      | Found an iron altar of Okawaru.
  6944 | D:6      | Reached skill level 7 in Unarmed Combat
  7909 | D:7      | Noticed Prince Ribbit
  7916 | D:7      | Killed Prince Ribbit
  8029 | D:7      | Noticed Pikel
  8043 | D:7      | Killed Pikel
  8043 | D:7      | Reached skill level 8 in Unarmed Combat
  8043 | D:7      | Reached XP level 9. HP: 53/62 MP: 7/10
  8786 | D:8      | Noticed Erica
  8814 | D:8      | Reached skill level 9 in Unarmed Combat
  8828 | D:8      | HP: 3/64 [something/bolt of poison (32)]
  8829 | D:8      | HP: 1/64 [poisoned by Erica (bolt of poison)]
  8832 | D:8      | Succumbed to Erica's bolt of poison

Illustrated notes

Levels and vault maps discovered:
D:1:      lemuel_arrival_rhombus, layout_loops_ring
D:2:      lemuel_upstairs_altar, layout_loops_cross
D:3:      layout_basic, chequers_temple_overflow_statue_of_worship, uniq_jessica
D:4:      layout_basic, gammafunk_temple_overflow_arena,
          minmay_temple_entry_crystal_x, serial_rivers,
          chequers_serial_rivers_small_a, chequers_serial_rivers_micro_d,
          chequers_serial_rivers_micro_a, chequers_serial_rivers_micro_e,
          chequers_serial_rivers_small_a, serial_shops, shop, minmay_quantized
D:5:      layout_rooms, nicolae_ossuary_entry_false_entrances,
          serial_park_tiny_2, uniq_crazy_yiuf_cottage
D:6:      layout_basic, basic_altar
D:7:      layout_basic, uniq_prince_ribbit1, uniq_pikel
D:8:      layout_cave_pools, zin_statuary, nicolae_zen_rock_garden, minivault_4,
          uniq_erica
Temple:   nicolae_temple_no_exploring_needed

Skill      XL: |  1  2  3  4  5  6  7  8  9 |
---------------+----------------------------+-----
Transmutations | 2 3 4 5 6 8 |  8.7
Unarmed Combat | 3 4 5 6 8 9 |  9.0
Fighting       | 2 3 |  3.5
Dodging        | |  1.7
Spellcasting   | |  2.0

Action                   |  1- 3 |  4- 6 |  7- 9 || total
-------------------------+-------+-------+-------++-------
Melee: Unarmed           |   130 |   141 |   230 ||   501
       Kick              |    20 |    32 |    52 ||   104
       Headbutt          |     9 |    25 |    30 ||    64
       Punch             |     1 |     3 |     4 ||     8
 Cast: Beastly Appendage |    23 |    29 |    35 ||    87
       Wereblood         |    11 |    25 |    34 ||    70
  Use: Scroll            |     5 |     7 |     5 ||    17
       Potion            |     1 |     1 |    12 ||    14
 Stab: Distracted        |       |       |     1 ||     1
Armor: Robe              |    14 |       |       ||    14
       Ring mail         |    41 |    44 |    66 ||   151
       Skin              |       |       |     6 ||     6
Dodge: Dodged            |    96 |    79 |   110 ||   285

Table legend: (Time is in decaauts)
 A = Elapsed time spent in this place.
 B = Non-inter-level travel time spent in this place.
 C = Inter-level travel time spent in this place.
 D = Time resting spent in this place.
 E = Time spent auto-exploring this place.
 F = Levels seen in this place.
 G = Mean time per level.
                   A        B        C        D        E       F      G
               +--------+--------+--------+--------+--------+-----+--------+
         Total |   8814 |   8577 |    237 |    385 |   6913 |  10 |  881.4 |
       Dungeon |   7527 |   7297 |    230 |    163 |   6070 |   8 |  940.9 |
        Temple |     52 |     45 |      7 |      0 |     37 |   1 |   52.0 |
       Ossuary |   1234 |   1234 |      0 |    222 |    806 |   1 | 1234.0 |
               +--------+--------+--------+--------+--------+-----+--------+

Top non-repeatable levels by time:
     D:3: 1399 daAuts
     D:1: 1347 daAuts
 Ossuary: 1234 daAuts
     D:4: 1187 daAuts
     D:6: 1020 daAuts
     D:2: 933 daAuts
     D:7: 760 daAuts
     D:5: 730 daAuts
     D:8: 149 daAuts
  Temple: 52 daAuts
